 Dungeon Crawl Stone Soup version 0.14-a0-2119-ge69afc6 (webtiles) character file.

468 Jenx the Cudgeler (level 6, -5/59 HPs)
             Began as an Ogre Hunter on Jan 26, 2014.
             Killed from afar by Blork the orc (9 damage)
             ... with a wand of frost
             ... on Level 4 of the Dungeon.
             The game lasted 00:07:53 (2583 turns).

Jenx the Cudgeler (Ogre Hunter)                     Turns: 2583, Time: 00:07:54

HP  -5/59        AC  3     Str 18      XL: 6   Next: 40%
MP   6/6         EV 10     Int 10      God:
Gold 160         SH  0     Dex 12      Spells:  0 memorised,  5 levels left

rFire  . . .     SeeInvis .     a - +1 dwarf mace
rCold  . . .     Clarity  .     d - +0 animal skin
rNeg   . . .     Conserve .     (shield restricted)
rPois  .         rCorr    .     (helmet restricted)
rElec  .         rRot     .     (no cloak)
SustAb . .       Spirit   .     (gloves unavailable)
rMut   .         Warding  .     (boots unavailable)
Saprov + . .     Stasis   .     (no amulet)
MR     .....                    (no ring)
                                (no ring)

@: not resistant to hostile enchantments, fairly stealthy
A: unfitting armour, fast metabolism 1, saprovore 1, tough skin 1
a: no special abilities


You were on level 4 of the Dungeon.
You were not hungry.

You visited 1 branch of the dungeon, and saw 4 of its levels.

You collected 160 gold pieces.

Inventory:

Hand weapons
 a - a +1,+1 dwarven mace (weapon)
 b - a +1 elven blowgun of evasion
 D - a +1,+1 orcish war axe of freezing
 M - a cursed -2,-1 halberd
Missiles
 o - 11 exploding darts (quivered)
Armour
 d - a +0 animal skin (worn)
Magical devices
 C - a wand of disintegration (7)
Comestibles
 c - a lemon
 f - 5 meat rations
 p - an apple
 t - a choko
 x - 2 bread rations
 z - an orange
 E - 3 rotting chunks of hobgoblin flesh
 H - a rotting chunk of goblin flesh
 K - a chunk of rat flesh
 L - 4 rotting chunks of gnoll flesh
Scrolls
 h - 2 scrolls of teleportation {unknown}
 j - a scroll of enchant armour {unknown}
 l - a scroll of fear {unknown}
 m - 4 scrolls of remove curse {unknown}
 q - 3 scrolls of identify {unknown}
 r - 2 scrolls of noise {unknown}
 s - a scroll of enchant weapon II {unknown}
 y - 2 scrolls of blinking {unknown}
 A - a scroll of amnesia {unknown}
Jewellery
 k - a cursed -2 ring of protection {unknown}
 u - an uncursed ring of protection from cold {unknown}
 w - an uncursed ring of poison resistance {unknown}
 B - an uncursed amulet of resist corrosion {unknown}
Potions
 e - 2 potions of speed {unknown}
 g - 2 potions of might {unknown}
 i - a potion of agility {unknown}
 n - a potion of resistance {unknown}
 v - a potion of confusion {unknown}
 G - a potion of brilliance {unknown}
 I - 2 potions of curing {unknown}
 J - a potion of heal wounds {unknown}


   Skills:
 - Level 2.6 Fighting
 * Level 5.8 Maces & Flails
 - Level 4.3 Throwing
 - Level 1.7 Dodging
 * Level 4.0 Stealth


You had 5 spell levels left.
You didn't know any spells.

Dungeon Overview and Level Annotations

Branches:
Dungeon (4/16)
 Temple: D:4-7

Altars:

Annotations:
D:4 Blork the orc


Innate Abilities, Weirdness & Mutations

You are too large for most types of armour.
You have a fast metabolism.
You can tolerate rotten meat.
You have tough skin (AC +1).


Message History

You hit Blork the orc.
Blork the orc is almost dead.
Blork the orc zaps a wand.
The puff of frost hits you!
* * * LOW HITPOINT WARNING * * *
The giant gecko barely misses you.
Unknown command.
You closely miss Blork the orc.
Blork the orc is almost dead.
Blork the orc closely misses you. The giant gecko closely misses you.
Blork the orc hits you with an orcish flail!
* * * LOW HITPOINT WARNING * * *
Unknown command.
You closely miss Blork the orc.
Blork the orc is almost dead.
The giant gecko barely misses you.
Blork the orc becomes somewhat translucent.
The giant gecko bites you.
* * * LOW HITPOINT WARNING * * *
Blork the orc zaps a wand.
The puff of frost hits you!
You die...

### #.#
#<# #.#
# #.# .#
#.####(#
#..@o..#
####l#.#
#?# #
#.# #.#
... #(.
###


You could see Blork the orc and a giant gecko.

Vanquished Creatures
  Sigmund (D:2)
  An orc priest (D:3)
  A scorpion (D:4)
  7 gnolls (D:3)
  4 adders
  4 worms
  3 oozes
  4 orcs (D:3)
  3 giant cockroaches
  7 goblins
  3 hobgoblins
  2 jackals (D:2)
  3 quokkas
  2 bats
  4 giant newts (D:1)
  5 kobolds
  5 rats
59 creatures vanquished.

Vanquished Creatures (others)
  A kobold (D:2)
1 creature vanquished.

Grand Total: 60 creatures vanquished

Notes
Turn   | Place    | Note
--------------------------------------------------------------
     0 | D:1      | Jenx, the Ogre Hunter, began the quest for the Orb.
     0 | D:1      | Reached XP level 1. HP: 22/22 MP: 1/1
    91 | D:1      | Reached skill level 1 in Stealth
   277 | D:1      | Reached XP level 2. HP: 26/29 MP: 2/2
   675 | D:2      | Reached XP level 3. HP: 36/36 MP: 3/3
  1004 | D:2      | Noticed Sigmund
  1016 | D:2      | Killed Sigmund
  1016 | D:2      | Reached XP level 4. HP: 18/44 MP: 4/4
  1041 | D:2      | Reached XP level 5. HP: 23/50 MP: 5/5
  1853 | D:3      | Reached skill level 5 in Maces & Flails
  2185 | D:3      | Reached XP level 6. HP: 55/59 MP: 6/6
  2571 | D:4      | Noticed Blork the orc
  2583 | D:4      | Killed from afar by Blork the orc

Action                   |  1- 3 |  4- 6 || total
-------------------------+-------+-------++-------
Melee: Mace              |    62 |    73 ||   135
       Club              |     6 |       ||     6
Throw: Large rock        |    13 |    23 ||    36
       Throwing net      |     1 |       ||     1
       Dart              |       |     2 ||     2
Evoke: Wand              |       |     1 ||     1
 Stab: Sleeping          |       |     1 ||     1
